AoeStats
← Goku_San

Arena

509603584Analyzed
4v4 RM · 5d ago on Sep 27, 2026· 34m 33s· 8 players
Game mode
Random Map
Map size
Large (8 player)
Population
200
Speed
Normal
Resources
Standard
Victory
Conquest
Starting age
Dark Age
Ending age
Imperial Age
RankedLock teamsTeams togetherTeam positionsShared explorationLock speedFull tech treeHidden civsTurbo modeCheats
Victory
Defeat
🇧🇪 Slavs · Belgium
1422
+9
🇫🇷 Hindustanis · France
1334
+12
🇪🇸 Varangians · Spain
1304
+13
🇵🇱 Shu · Poland
1016
+29
🇮🇱 Franks · Israel
1271
-16
🇩🇪 Britons · Germany
1244
-15
🇨🇳 Poles · China
1210
-13
🇺🇸 Italians · United States
1199
-13
KingDiss
11:18 Feudal Age
15:46 Castle Age
13:33 Horse Collar
13:47 Double-Bit Axe
14:29 Stone Mining
15:34 Gold Mining
19:08 Loom
22:07 Fletching
22:46 Bodkin Arrow
24:03 Ballistics
24:15 Padded Archer Armor
25:02 Wheelbarrow
25:34 Heavy Plow
27:13 Bow Saw
27:35 Fortified Wall
32:55 Imperial Age
31:22 Yeomen
31:21 Leather Archer Armor
32:31 Hand Cart
32:02 Town Watch
33:02 Forging
34:02 Bracer
35:07 Chemistry
legend
10:23 Feudal Age
14:18 Castle Age
19:28 Double-Bit Axe
20:04 Horse Collar
21:51 Wheelbarrow
23:13 Loom
Goku_San
9:27 Loom
11:30 Feudal Age
12:44 Double-Bit Axe
16:19 Castle Age
14:53 Scale Mail Armor
16:55 Forging
23:35 Chain Mail Armor
sbr
0:29 Loom
11:28 Feudal Age
16:12 Castle Age
14:24 Double-Bit Axe
15:58 Horse Collar
16:11 Gold Mining
17:21 Bow Saw
23:29 Fletching
Gandalfff
9:30 Loom
11:15 Feudal Age
15:33 Castle Age
17:04 Double-Bit Axe
17:01 Horse Collar
17:19 Gold Mining
17:19 Stone Mining
25:34 Wheelbarrow
25:08 Scale Barding Armor
26:14 Forging
30:53 Heavy Plow
31:48 Chain Barding Armor
32:03 Iron Casting
32:17 Bow Saw
35:34 Imperial Age
33:20 Hand Cart
33:57 Iron Casting
LanaAio
9:51 Feudal Age
14:33 Castle Age
13:11 Double-Bit Axe
13:39 Horse Collar
15:42 Scale Mail Armor
16:29 Squires
16:30 Man-at-Arms
18:16 Long Swordsman
27:52 Wheelbarrow
29:27 Chain Mail Armor
29:23 Forging
30:31 Loom
32:06 Hand Cart
36:14 Imperial Age
34:03 Heavy Plow
34:18 Bow Saw
34:44 Fletching
Waylou
5:10 Loom
10:45 Feudal Age
14:57 Castle Age
14:23 Double-Bit Axe
14:21 Horse Collar
16:26 Bow Saw
21:22 Scale Mail Armor
26:26 Chain Mail Armor
32:15 Imperial Age
34:56 Conscription
k0vvaL6989
10:34 Feudal Age
11:28 Loom
15:29 Castle Age
14:12 Double-Bit Axe
17:27 Gold Mining
19:30 Scale Barding Armor
19:31 Horse Collar
22:48 Bow Saw
32:18 Chain Barding Armor
32:03 Husbandry
32:56 Wheelbarrow
32:32 Heavy Plow
Connection lost

Rejoining the realm…

Still unreachable

The connection could not be restored.

Session expired

The server has moved on; the page needs a fresh start.